 Dungeon Crawl Stone Soup version 0.30-a0-374-g95c0257040 (webtiles) character file.

Game seed: 14029082931069940540

0 NinjaNoafa the Ducker (level 1, -1/16 HPs)
             Began as a Merfolk Gladiator on Nov 27, 2022.
             Slain by a quokka (2 damage)
             ... on level 1 of the Dungeon.
             The game lasted 00:00:32 (43 turns).

NinjaNoafa the Ducker (Merfolk Gladiator)             Turns: 43, Time: 00:00:33

Health: -1/16      AC:  4    Str: 14    XL:     1   Next: 10%
Magic:  1/1        EV: 13    Int:  7    God:
Gold:   4          SH:  0    Dex: 15    Spells: 0/0 levels left

rFire   . . .      SeeInvis .    a - +0 rapier
rCold   . . .      Faith    .    (no shield)
rNeg    . . .      Spirit   .    b - +0 leather armour
rPois   .          Reflect  .    c - +0 helmet
rElec   .          Harm     .    (no cloak)
rCorr   .          Rampage  .    (no gloves)
Will    .....                    (no boots)
Stlth   +.........               (no amulet)
HPRegen 0.22/turn                (no ring)
MPRegen 0.07/turn                (no ring)

@: no status effects
A: (nimble swimmer 2), mertail
a: no special abilities


You were on level 1 of the Dungeon.
You visited 1 branch of the dungeon, and saw 1 of its levels.

You collected 4 gold pieces.

Inventory:

Hand Weapons
 a - a +0 rapier (weapon)
Missiles
 d - 3 throwing nets (quivered)
Armour
 b - a +0 leather armour (worn)
 c - a +0 helmet (worn)


   Skills:
 + Level 2.2 Fighting
 + Level 3.6 Short Blades
 - Level 2.0 Throwing
 + Level 4.0 Dodging


You couldn't memorise any spells.
You didn't know any spells.
Your spell library was empty.

Dungeon Overview and Level Annotations

Branches:
Dungeon (1/15)

Altars:


Innate Abilities, Weirdness & Mutations

((You are very nimble when in or above water. (Stealth+, EV+, Speed+++)))
Your lower body shifts to a powerful aquatic tail in water.


Message History

There is an open door here.
Key pressed, stopping explore.
A frilled lizard comes into view.
You throw a javelin.
The javelin pierces through the frilled lizard.
The frilled lizard hisses angrily.
The frilled lizard is heavily wounded.
You see here 4 gold pieces.
The frilled lizard bites you.
You hit the frilled lizard.
You kill the frilled lizard!
HP restored.
You now have 4 gold pieces.
A frilled lizard comes into view.
A frilled lizard is nearby!
Unknown command.
The frilled lizard hisses angrily.
A quokka comes into view.
A goblin comes into view. It is wielding a +0 club.
The goblin shouts!
The frilled lizard bites you.
You closely miss the frilled lizard. The frilled lizard barely misses you.
The quokka bites you but does no damage.
You hit the quokka but do no damage. The quokka bites you.
The frilled lizard closely misses you. The quokka attacks as you move away!
The quokka misses you.
The frilled lizard attacks as you move away!
The frilled lizard closely misses you.
The frilled lizard attacks as you move away!
The frilled lizard completely misses you.
The quokka attacks as you move away! The quokka barely misses you.
The quokka attacks as you move away! The quokka bites you. x2
The quokka attacks as you move away! The quokka barely misses you.
The frilled lizard attacks as you move away!
The frilled lizard bites you.
* * * LOW HITPOINT WARNING * * *
The quokka attacks as you move away! The quokka bites you.
* * * LOW HITPOINT WARNING * * *
You completely miss the quokka. The quokka misses you. The quokka bites you.
You die...

#.. ..# .# #.. ..##.##
.## ...#.##.. ...
#.#.##.# #.# # ......#
#.# .##.####.#..# +.#
............# #.#
#.........#####.##+##.#
######(..lgr@.........#
###..##+##.#####.# ##.#
#.#...# #.# #.'.<.# #.#
#.#...# #.#####.#####..
#..............
#######........
#########


You could see a quokka, a goblin and a frilled lizard.

Vanquished Creatures
  A frilled lizard (D:1)
1 creature vanquished.

Notes
Turn   | Place    | Note
-------+----------+-------------------------------------------
     0 | D:1      | NinjaNoafa the Merfolk Gladiator began the quest for the
                  | Orb.
     0 | D:1      | Reached XP level 1. HP: 16/16 MP: 1/1
    43 | D:1      | Slain by a quokka

Illustrated notes

Levels and vault maps discovered:
D:1:      minmay_arrival_four_houses, layout_loops_ring,
          nicolae_kite_square_tiling_tiny

Action                   || total
-------------------------++-------
Melee: Rapier            ||     4
Throw: Javelin           ||     1
Armor: Leather armour    ||     1
Dodge: Dodged            ||     8

Table legend: (Time is in decaauts)
 A = Elapsed time spent in this place.
 B = Non-inter-level travel time spent in this place.
 C = Inter-level travel time spent in this place.
 D = Time resting spent in this place.
 E = Time spent auto-exploring this place.
 F = Levels seen in this place.
 G = Mean time per level.
                   A        B        C        D        E       F      G
               +--------+--------+--------+--------+--------+-----+--------+
         Total |     43 |     43 |      0 |      0 |     21 |   1 |   43.0 |
       Dungeon |     43 |     43 |      0 |      0 |     21 |   1 |   43.0 |
               +--------+--------+--------+--------+--------+-----+--------+

Top non-repeatable levels by time:
     D:1: 43 daAuts
